 Dungeon Crawl Stone Soup version 0.30.1-9-gdf580d7c3d (webtiles) character file.

Game seed: 6844220999850242446

52167 monsoonserge the Marksspriggan (level 14, -3/80 (82) HPs)
             Began as a Spriggan Hunter on Oct 7, 2023.
             Was the Champion of Okawaru.
             Engulfed by a ghost crab's spectral mist (6 damage)
             ... on level 11 of the Dungeon.
             The game lasted 01:19:05 (21585 turns).

monsoonserge the Marksspriggan (Spriggan Hunter)   Turns: 21585, Time: 01:19:06

HP:   -3/80 (82)    AC:  8    Str:  4    XL:     14   Next: 26%
MP:   21/21         EV: 29    Int: 12    God:    Okawaru [******]
Gold: 1844          SH:  7    Dex: 22    Spells: 13/13 levels left

rFire   + . .        G - +11 sling "Mud Pie of Death" {freeze, rElec rN+ Str-3}
rCold   . . .        W - +2 buckler {AC+3}
rNeg    + . .        c - +1 robe {rF+}
rPois   .            o - +1 hat
rElec   +            Q - +0 cloak
rCorr   +            (gloves unavailable)
SInv    +            (boots unavailable)
Will    ++...        (no amulet)
Stlth   ++++         P - +5 ring of evasion
HPRegen 0.33/turn    X - ring of resist corrosion
MPRegen 0.17/turn

%: no passive effects
@: about to teleport, hasted, lightly drained, very quick
A: very small, no large weapons, unfitting armour, see invisible, speed 3
a: Renounce Religion, Heroism, Finesse, Duel


You were on level 11 of the Dungeon.
You worshipped Okawaru.
Okawaru was exalted by your worship.
You visited 4 branches of the dungeon, and saw 19 of its levels.
You also visited: Bailey.

You collected 1844 gold pieces.

Inventory:

Hand Weapons
 E - a +4 arbalest of draining
 G - the +11 sling "Mud Pie of Death" (weapon) {freeze, rElec rN+ Str-3}
   (You found it on level 6 of the Dungeon)

   Str:       It affects your strength (-3).
   rElec:     It insulates you from electricity.
   rN:        It protects you from negative energy.
Missiles
 p - 46 poisoned darts
 D - 4 silver boomerangs
 K - 6 atropa-tipped darts
 U - 2 throwing nets
 Y - 5 curare-tipped darts
Armour
 c - a +1 robe of fire resistance (worn)
 o - a +1 hat (worn)
 H - a +2 robe of willpower
 M - a +0 robe of the Archmagi
 Q - a +0 cloak (worn)
 W - a +2 buckler of protection (worn)
Jewellery
 C - a +6 ring of intelligence
 O - a ring of positive energy
 P - a +5 ring of evasion (left hand)
 S - a ring of wizardry
 T - a ring of poison resistance
 X - a ring of resist corrosion (right hand)
Wands
 t - a wand of flame (28)
 J - a wand of iceblast (2)
 Z - a wand of digging (7)
Scrolls
 b - 6 scrolls of immolation
 e - 5 scrolls of fog
 f - 2 scrolls of enchant weapon
 g - 3 scrolls of enchant armour
 h - 4 scrolls of poison
 l - 5 scrolls of blinking {unknown}
 q - a scroll of silence
 v - a scroll of vulnerability
 y - 2 scrolls of brand weapon
 A - 3 scrolls of teleportation
 I - 2 scrolls of torment
 R - a scroll of amnesia
 V - a scroll of fear
Potions
 a - 4 potions of cancellation {unknown}
 d - 2 potions of brilliance {unknown}
 i - 4 potions of might {unknown}
 j - a potion of berserk rage {unknown}
 k - 4 potions of invisibility {unknown}
 m - 4 potions of resistance {unknown}
 n - 11 potions of haste
 r - 3 potions of heal wounds {unknown}
 s - a potion of lignification {unknown}
 w - a potion of ambrosia {unknown}
 x - 5 potions of magic
 z - 7 potions of curing
 B - 6 potions of attraction
 F - a potion of flight {unknown}
 N - 4 potions of mutation {unknown}
Miscellaneous
 L - a phial of floods


   Skills:
 + Level 13.5 Fighting
 + Level 15.7 Ranged Weapons
 + Level 8.9 Dodging
 + Level 6.4 Stealth
 * Level 1.9 Shields
 * Level 8.9 Invocations
 * Level 4.8 Evocations


You had 13 spell levels left.
You didn't know any spells.
Your spell library contained the following spells:

 Spells                   Type           Power      Damage    Failure   Level
 Slow                     Hex            0%         N/A       54%         1
 Ensorcelled Hibernation  Hex/Ice        0%         N/A       67%         2
 Poisonous Vapours        Pois/Air       0%         N/A       67%         2
 Sublimation of Blood     Necr           0%         N/A       67%         2
 Confusing Touch          Hex            0%         N/A       88%         3
 Ozocubu's Armour         Ice            0%         N/A       88%         3
 Vampiric Draining        Necr           0%         2d6       88%         3
 Petrify                  Tmut/Erth      0%         N/A       99%         4
 Alistair's Intoxication  Tmut/Pois      0%         N/A       100%        5
 Irradiate                Conj/Tmut      0%         3d11      100%        5
 Metabolic Englaciation   Hex/Ice        0%         N/A       100%        5
 Storm Form               Tmut/Air       0%         N/A       100%        7
 Maxwell's Capacitive Co  Air            0%         ∞         100%        8
 Summon Lightning Spire   Summ/Air       Unusable   N/A       N/A         4
 Simulacrum               Ice/Necr       Unusable   N/A       N/A         6

Dungeon Overview and Level Annotations

Branches:
Dungeon (13/15)            Temple (1/1) D:7            Lair (3/5) D:10
  Swamp (0/4) Lair:2        Snake (0/4) Lair:2          Orc (2/2) D:11
    Elf (0/3) Orc:2        Bailey (visited)
 Vaults: D:13-14

Altars:
Ashenzari
Cheibriados
Dithmenos
Elyvilon
Fedhas
Gozag
Hepliaklqana
Kikubaaqudgha
Makhleb
Nemelex Xobeh
Okawaru
Qazlal
Ru
Sif Muna
Trog
Uskayaw
Vehumet
Wu Jian
Xom
Yredelemnul
Zin
The Shining One

Shops:
D:5 =   Orc:1 *   Orc:2 **=(

Annotations:
D:6 1 runed translucent door, mkat's ghost, novice DEHu
D:10 fly
D:13 3 runed translucent doors, Adaovve's ghost, journeyman TrFi; Azrael
Lair:3 Kirke


Innate Abilities, Weirdness & Mutations

You are very small and have problems with some larger weapons.
You are too small for most types of armour.
You have supernaturally acute eyesight. (SInv)
You cover ground extremely quickly. (Speed+++)


Message History

The spectral meliai completely misses you. x3
Okay, then.
Fire: G) +11 sling "Mud Pie of Death" {freeze, rElec rN+ Str-3}
Press: ? - help, Q - select action, (/) - cycle Shift-Dir - straight line, f - spectral meliai
Aim: a spectral meliai (spectral mist, summoned, 80% to hit)
You shoot a sling bullet.
The sling bullet closely misses the spectral meliai.
The sling bullet hits the spectral meliai!
The sling bullet freezes the spectral meliai.
The spectral meliai is moderately damaged.
You are engulfed in spectral mist.
* * * LOW HITPOINT WARNING * * *
The spectral meliai hits you!
* * * LOW HITPOINT WARNING * * *
The spectral meliai barely misses you.
It was a potion of haste.
You feel yourself speed up.
You are engulfed in spectral mist.
* * * LOW HITPOINT WARNING * * *
The spectral meliai completely misses you. x2
You block the spectral meliai's attack.
The spectral meliai completely misses you.
Okay, then.
Okay, then.
You feel better.
You are engulfed in spectral mist.
* * * LOW HITPOINT WARNING * * *
The spectral meliai hits you.
* * * LOW HITPOINT WARNING * * *
You partially resist.
You feel drained.
The spectral meliai completely misses you.
The spectral centaur warrior barely misses you.
The spectral centaur warrior closely misses you.
The spectral meliai completely misses you.
The spectral meliai misses you.
Okay, then.
Okay, then.
Aiming: Duel (21% risk of failure)
Press: ? - help, Dir - move target, f - ghost crab, p - spectral meliai
Aim: a ghost crab (spectral mist)
You fail to use your ability.
You are engulfed in spectral mist.
You die...

...# #.### #.###.# #.#####.# .#.#
#.#.######.###.# #.# ###.#
...#####..............# #.# #....
.............####.##..# #.###.#.#
...###......## #.##..# #.......#
#### ##....## ##.##..#######.###
##.### #........# #.#
##############'##.# #.#
#....Z☼°ZZ@Z○#.##.# #.###
#.##########t#.##.# #...# #.#
#§#.#..#######># ###.#
#§#.#####....... # ##.#†# #☼#.#
#.####.. ####..#.#
#t#.#####.####.. ...'..#[#
.÷tZ§○..#.#...........
####..#.############.#####.###...
# ##.#..............# #.# #...


You could see a ghost crab, a spectral centaur warrior (summoned), a spectral
howler monkey (summoned) and 2 spectral meliai.

Vanquished Creatures
  4 entropy weavers (D:11)
  A hydra (Lair:2)
  A ghost crab (D:11)
  2 two-headed ogres
  A boulder beetle (Lair:3)
  2 death yaks (Lair:2)
  Urug (Lair:1)
  6 orc high priests (Orc:2)
  Sonja (D:12)
  8 skeletal warriors (D:12)
  4 fire crabs (D:11)
  A bog body (Lair:2)
  Pikel (D:4)
  2 deep elf pyromancers (D:12)
  2 orc knights
  4 orc sorcerers
  A manticore (D:11)
  2 ugly things
  A cyclops (D:12)
  A black mamba (Lair:3)
  Maurice (Orc:1)
  4 cane toads
  2 gargoyles
  A torpor snail (Lair:2)
  Joseph (Lair:1)
  A rime drake (Lair:3)
  3 unseen horrors
  4 komodo dragons
  A kobold demonologist (D:11)
  8 trolls
  The ghost of IHitMyHead the Chopper, an amateur HuFi (D:4)
  2 hornets
  5 blink frogs
  Sigmund (D:6)
  A vampire (D:12)
  4 wyverns
  3 wraiths
  A shadow (D:13)
  36 yaks
  A fire elemental (D:13)
  5 hogs (Lair:3)
  A steam dragon (D:10)
  3 nagas (Lair:2)
  4 wargs
  5 vampire mosquitoes
  3 swamp worms (Lair:2)
  3 acid dragons
  10 water moccasins
  Duvessa (D:7)
  19 orc warriors
  2 sky beasts
  6 black bears
  3 ice beasts
  5 ogres
  7 centaurs
  9 wolves
  2 lemures
  3 phantoms
  4 kobold brigands
  12 bullfrogs
  3 scorpions
  9 wights
  Dowan (D:7)
  17 killer bees
  A howler monkey (D:9)
  3 electric eels (Lair:2)
  4 jellies
  26 orc priests
  4 gnoll boudas
  3 hounds
  Ijyb (D:3)
  3 sleepcaps
  20 orc wizards
  Natasha (D:2)
  2 iguanas
  7 hell rats (Lair:3)
  30 gnolls
  5 adders
  A shadow imp (D:7)
  6 white imps
  A worm (D:2)
  4 dart slugs
  74 orcs
  7 bats
  6 endoplasms
  3 giant cockroaches
  14 goblins
  4 hobgoblins
  4 jackals (D:3)
  4 ball pythons
  2 frilled lizards
  11 kobolds
  3 rats
518 creatures vanquished.

Vanquished Creatures (others)
  A hornet (D:10)
  3 yaks (D:10)
  A bat (D:3)
5 creatures vanquished.

Grand Total: 523 creatures vanquished

Notes
Turn   | Place    | Note
-------+----------+-------------------------------------------
     0 | D:1      | monsoonserge the Spriggan Hunter began the quest for the
                  | Orb.
     0 | D:1      | Reached XP level 1. HP: 10/10 MP: 2/2
   483 | D:1      | Reached XP level 2. HP: 15/15 MP: 3/3
   860 | D:2      | Reached XP level 3. HP: 16/18 MP: 4/4
   961 | D:2      | Noticed Natasha
   969 | D:2      | Killed Natasha
   970 | D:2      | Reached skill level 5 in Ranged Weapons
  1216 | D:3      | Reached XP level 4. HP: 23/23 MP: 5/5
  1364 | D:3      | Noticed Ijyb
  1394 | D:3      | Killed Ijyb
  1395 | D:3      | Reached skill level 6 in Ranged Weapons
  1395 | D:3      | Reached XP level 5. HP: 19/26 MP: 6/6
  1689 | D:3      | Found a faded altar of an unknown god.
  2367 | D:4      | Found a runed translucent gate.
  2368 | D:4      | Found a runed translucent gate.
  2368 | D:4      | Found a runed translucent gate.
  2369 | D:4      | Noticed IHitMyHead's ghost (amateur HuFi)
  2544 | D:4      | Noticed a phantom
  2843 | D:4      | Killed a phantom
  2844 | D:4      | Reached skill level 7 in Ranged Weapons
  2844 | D:4      | Reached XP level 6. HP: 27/32 MP: 7/7
  2912 | D:4      | Noticed Pikel
  3045 | D:5      | Entered Level 5 of the Dungeon
  3238 | D:5      | Found Debog's Jewellery Boutique.
  3283 | D:5      | Found a radiant altar of Vehumet.
  3308 | D:5      | Reached XP level 7. HP: 31/35 MP: 8/8
  3343 | D:5      | Reached skill level 8 in Ranged Weapons
  3654 | D:5      | Reached skill level 9 in Ranged Weapons
  3973 | D:6      | Reached XP level 8. HP: 17/40 MP: 9/9
  4286 | D:6      | Noticed Sigmund
  4453 | D:6      | Reached skill level 10 in Ranged Weapons
  4517 | D:6      | Found a runed translucent door.
  4517 | D:6      | Found a shimmering altar of Xom.
  4517 | D:6      | Noticed mkat's ghost (novice DEHu)
  4518 | D:6      | Noticed a +0 falchion of chaos
  4730 | D:6      | Identified the +11 sling "Mud Pie of Death" {freeze, rElec
                  | rN+ Str-3}
  5016 | D:7      | Found a staircase to the Ecumenical Temple.
  5026 | Temple   | Entered the Ecumenical Temple
  5705 | D:4      | Killed Pikel
  5706 | D:4      | Reached skill level 11 in Ranged Weapons
  5706 | D:4      | Reached XP level 9. HP: 42/46 MP: 10/10
  5934 | D:4      | Killed IHitMyHead's ghost
  6140 | D:7      | Noticed an unseen horror
  6152 | D:7      | Noticed a white ugly thing
  6159 | D:7      | Killed an unseen horror
  6160 | D:7      | Reached skill level 12 in Ranged Weapons
  6318 | D:7      | Reached skill level 5 in Fighting
  6386 | Temple   | Became a worshipper of Warmaster Okawaru
  6575 | D:7      | Noticed Duvessa
  6618 | D:7      | Killed Duvessa
  6620 | D:7      | Noticed Dowan
  6628 | D:7      | Killed a white ugly thing
  6628 | D:7      | Reached * piety under Okawaru
  6636 | D:7      | Killed Dowan
  6637 | D:7      | Reached XP level 10. HP: 47/53 MP: 11/11
  6739 | D:6      | Killed Sigmund
  6915 | D:7      | Noticed a two-headed ogre
  6935 | D:7      | Killed a two-headed ogre
  6935 | D:7      | Reached ** piety under Okawaru
  6936 | D:7      | Reached skill level 13 in Ranged Weapons
  6936 | D:7      | Reached skill level 1 in Invocations
  6951 | D:6      | Reached skill level 5 in Dodging
  7437 | D:8      | Reached *** piety under Okawaru
  8115 | D:7      | Noticed a cyclops
  8505 | D:8      | You fall into a shaft and drop 3 floors!
  8523 | D:10     | Entered Level 10 of the Dungeon
  8555 | D:10     | Noticed a white ugly thing
  8562 | D:10     | Killed a white ugly thing
  8562 | D:10     | Reached **** piety under Okawaru
  8563 | D:10     | Reached skill level 14 in Ranged Weapons
  8580 | D:10     | Reached XP level 11. HP: 58/58 MP: 14/14
  8637 | D:10     | Found a staircase to the Lair.
  8819 | D:10     | Found a flagged portal.
  8846 | Bailey   | Entered a bailey
  9447 | D:9      | Noticed a two-headed ogre
  9469 | D:9      | Killed a two-headed ogre
  9469 | D:9      | Reached ***** piety under Okawaru
 10961 | D:11     | Found a staircase to the Orcish Mines.
 11132 | D:11     | Received a gift from Okawaru
 11304 | D:11     | Found a runed translucent door.
 11309 | D:11     | Noticed a fire crab
 12101 | D:12     | Noticed Sonja
 12104 | D:12     | Killed Sonja
 12427 | D:12     | Noticed a skeletal warrior
 12429 | D:12     | Noticed a skeletal warrior
 12429 | D:12     | Noticed a skeletal warrior
 12523 | D:12     | Noticed a deep elf pyromancer
 12527 | D:12     | Killed a deep elf pyromancer
 12546 | D:12     | Noticed a deep elf pyromancer
 12553 | D:12     | Killed a deep elf pyromancer
 12553 | D:12     | Received a gift from Okawaru
 12795 | D:12     | Killed a skeletal warrior
 12796 | D:12     | Reached skill level 5 in Invocations
 12796 | D:12     | Reached XP level 12. HP: 67/67 MP: 16/16
 12941 | D:12     | Reached skill level 5 in Stealth
 13113 | D:12     | Reached ****** piety under Okawaru
 13114 | D:12     | Reached skill level 15 in Ranged Weapons
 13241 | D:11     | Reached skill level 10 in Fighting
 13342 | D:11     | Noticed an entropy weaver
 13452 | Lair:1   | Entered Level 1 of the Lair of Beasts
 13620 | Lair:1   | Noticed Urug
 14696 | Lair:2   | Noticed an eight-headed hydra
 14736 | Lair:2   | Killed an eight-headed hydra
 14905 | Lair:2   | Found a staircase to the Snake Pit.
 14972 | Lair:2   | Noticed a death yak
 14978 | Lair:2   | Noticed a death yak
 14989 | Lair:2   | Killed a death yak
 14989 | Lair:2   | Received a gift from Okawaru
 15007 | Lair:2   | Killed a death yak
 15083 | Lair:2   | Got Peskimuru's Atlas of the Venomous Icicle
 15170 | Lair:2   | Found a staircase to the Swamp.
 15177 | Lair:2   | Reached XP level 13. HP: 74/74 MP: 19/19
 15867 | Lair:3   | Noticed Kirke
 15885 | Lair:3   | Noticed a sphinx
 15970 | Lair:3   | Received a gift from Okawaru
 16127 | Lair:1   | Killed Urug
 16272 | Lair:1   | Noticed Joseph
 16278 | Lair:1   | Killed Joseph
 17007 | D:13     | Found a runed translucent gate.
 17007 | D:13     | Found a runed translucent gate.
 17007 | D:13     | Noticed Adaovve's ghost (journeyman TrFi)
 17008 | D:13     | Found a runed translucent gate.
 17011 | D:13     | Noticed a vampire knight
 17179 | D:13     | Noticed Azrael
 17955 | D:13     | Identified the +0 robe of the World {Str+2}
 18643 | Orc:1    | Entered Level 1 of the Orcish Mines
 18667 | Orc:1    | Received a gift from Okawaru
 18789 | Orc:1    | Noticed Maurice
 18792 | Orc:1    | Reached skill level 1 in Evocations
 18797 | Orc:1    | Killed Maurice
 18874 | Orc:1    | Found Xulin's Assorted Antiques.
 19250 | Orc:2    | Entered Level 2 of the Orcish Mines
 19795 | Orc:2    | Reached skill level 1 in Shields
 20233 | Orc:2    | Reached XP level 14. HP: 82/82 MP: 21/21
 20255 | Orc:2    | Found a staircase to the Elven Halls.
 20413 | Orc:2    | Found Nylutysch's General Store.
 20413 | Orc:2    | Found Toimaz's General Store.
 20416 | Orc:2    | Found Juuriyd's Antique Weapon Shop.
 20416 | Orc:2    | Found Jatyomee's Jewellery Shop.
 21368 | D:11     | Received a gift from Okawaru
 21584 | D:11     | HP: 3/82 [spectral meliai[a ghost crab] (5)]
 21585 | D:11     | Engulfed by a ghost crab's spectral mist

Illustrated notes

Levels and vault maps discovered:
D:1:      minmay_arrival_three_doors, layout_loops_cross
D:2:      layout_rooms, uniq_natasha
D:3:      kennysheep_the_goblin_king, layout_basic,
          hellmonk_ecumenical_altar_pennies_from_heaven
D:4:      layout_loops_corners, ebering_ghost_rock_garden, moated_statue,
          uniq_pikel
D:5:      layout_rooms, vehumet_crystals, serial_shops, nicolae_shop_statue_plus
D:6:      layout_loops_ring, ebering_ghost_xom, minmay_misc_feat_tiny,
          uniq_sigmund
D:7:      minmay_the_grid_octo_tiled_squarecenter [minmay_the_grid_octo_horde,
          minmay_the_grid_octo_empty, minmay_the_grid_octo_toaster,
          minmay_the_grid_octo_chip,
          minmay_the_grid_square_5x5_megaprize_diamond,
          minmay_the_grid_square_5x5_shrine2,
          minmay_the_grid_square_5x5_minibox, minmay_the_grid_square_5x5_tie,
          minmay_the_grid_square_5x5_meh], layout_cave_pools, temple_statues,
          uniq_duvessa
D:8:      layout_gridville
D:9:      layout_loops_cross
D:10:     minmay_weird_star, layout_basic, lair_entry_dummy, enter_bailey_7,
          lemuel_flamethrower_2
D:11:     gammafunk_mikee_crab_dinner, layout_loops_corners,
          minmay_orc_entry_temple_small
D:12:     nicolae_cairo_tiling_large_dashed, layout_loops_cross,
          grunt_ministairs_5, uniq_sonja
D:13:     layout_roguey, gammafunk_ghost_split, uniq_azrael
Temple:   roderic_octagonal_lattice_temple
Lair:1:   layout_cave_pods, uniq_urug, uniq_joseph
Lair:2:   layout_concentric_octagons, nicolae_swamp_entry_splash_gauntlet,
          nicolae_snake_entry_squirm, serial_bayou_pond_b, serial_bayou_shore_a
Lair:3:   layout_gridlike, serial_rivers, chequers_serial_rivers_micro_e,
          chequers_serial_rivers_micro_d, chequers_serial_rivers_room_a,
          chequers_serial_rivers_small_a, serial_bayou_pond_d,
          chequers_serial_rivers_micro_a, beast_lair_carwin_11, uniq_kirke
Orc:1:    layout_diamond_mine, serial_shops, shop, uniq_maurice
Orc:2:    st_orc_mages, layout_diamond_mine, mines_bat_river

Skill      XL: |  1  2  3  4  5  6  7  8  9 10 11 12 13 14 |
---------------+-------------------------------------------+-----
Fighting       | 2 3 4 5 7 9 11 13 | 13.5
Ranged Weapons | 5 6 7 9 11 12 14 15 | 15.7
Dodging        | 3 4 5 6 7 8 |  8.9
Stealth        | 2 3 4 5 6 |  6.4
Invocations    | 3 5 7 8 |  8.9
Evocations     | 3 4 |  4.8
Shields        | 1 |  1.9

Action                     |  1- 3 |  4- 6 |  7- 9 | 10-12 | 13-15 || total
---------------------------+-------+-------+-------+-------+-------++-------
  Melee: Shortbow          |       |     2 |       |       |       ||     2
   Fire: Shortbow          |   101 |   166 |   168 |       |       ||   435
         Sling             |       |       |   134 |   790 |   528 ||  1452
         Arbalest          |       |       |       |       |   126 ||   126
 Invoke: Heroism           |       |       |       |     2 |     1 ||     3
  Evoke: Wand              |       |       |       |       |     2 ||     2
    Use: Scroll            |       |       |     2 |    12 |     4 ||    18
         Potion            |       |       |       |       |     2 ||     2
 Armour: Robe              |     2 |     6 |     7 |     8 |    16 ||    39
  Dodge: Dodged            |    42 |    60 |    62 |   123 |   274 ||   561
  Block: Buckler           |       |       |       |       |    42 ||    42
